Map: Blackpink LE

Players

Dessa - Winner!

  • Race: Zerg Zerg
  • League: Diamond
  • Spawn Location: 1:00

Bud

  • Race: Zerg Zerg
  • League: Diamond
  • Spawn Location: 7:00

VOD

Have the link to the VOD?

Description

Time

  • Played on: Dec. 26, 2017, 9:15 a.m.
  • Length: 13:53
Show
View Real Time Build Order
Export as new Build Order

Dessa Zerg - Winner!

Build Orders: Pool First 

Get SALT Encoding   

  12  0:01  Drone  
  13  0:13  Overlord  
  13  0:17  Drone  
  14  0:31  Drone x2  
  17  0:35  Drone  
  17  0:43  Extractor  
  17  0:46  Drone  
  17  0:53  Spawning Pool  
  17  0:57  Drone  
  17  1:19  Hatchery  
  17  1:23  Drone  
  17  1:27  Drone  
  18  1:35  Overlord  
  18  1:45  Metabolic Boost  
  18  1:54  Queen  
  18  1:58  Zergling x2  
  21  2:01  Drone  
  21  2:07  Drone  
  23  2:13  Zergling x2  
  24  2:20  Baneling Nest  
  23  2:24  Zergling x2  
  24  2:33  Queen  
  26  2:40  Drone  
  26  2:41  Drone  
  28  2:45  Drone x2  
  30  2:56  Drone  
  31  2:59  Overlord  
  31  3:04  Drone x3  
  34  3:08  Zergling x4  
  36  3:14  Baneling x2  
  35  3:25  Zergling x6  
  36  3:44  Zergling x4  
  31  3:52  Zergling x4  
  31  3:53  Zergling x10  
  34  4:01  Queen  
  36  4:02  Baneling  
  36  4:03  Baneling  
  36  4:16  Baneling  
  36  4:17  Baneling  
  30  4:18  Queen  
  30  4:22  Drone x2, Overlord  
  30  4:24  Zergling x4  
  36  4:25  Drone x2  
  37  4:39  Zergling x4  
  37  4:50  Zergling x8  
  41  4:57  Zergling x2  
  41  5:12  Baneling x2  
  41  5:24  Drone x5  
  46  5:31  Drone  
  46  5:32  Drone x4  
  46  5:33  Overlord  
  51  5:37  Lair  
  51  5:41  Extractor  
  50  5:48  Extractor  
  50  5:49  Extractor, Overlord  
  48  5:50  Roach Warren  
  44  6:06  Drone x3  
  44  6:07  Overlord  
  47  6:15  Evolution Chamber  
  47  6:16  Zergling x6  
  47  6:17  Evolution Chamber  
  48  6:33  Hatchery  
  48  6:34  Glial Reconstitution  
  48  6:36  Roach x4  
  53  6:43  Zergling x16  
  59  7:09  Drone  
  59  7:10  Drone  
  59  7:11  Drone x3, Hatchery  
  63  7:17  Zerg Ground Armor Level 1  
  63  7:20  Overlord  
  63  7:21  Overlord  
  63  7:26  Pneumatized Carapace  
  63  7:28  Drone x2  
  63  7:29  Drone  
  66  7:30  Drone x3  
  66  7:35  Zerg Missile Weapons Level 1  
  69  7:38  Drone  
  69  7:53  Roach x5  
  78  8:06  Roach x2  
  78  8:07  Roach x3  
  78  8:11  Roach  
  85  8:16  Unknown  
  83  8:25  Ravager x4  
  83  8:26  Ravager  
  83  8:27  Roach x5  
  98  8:36  Overlord x2  
  98  8:53  Overlord  
  98  8:54  Queen  
  100  9:15  Zerg Ground Armor Level 2  
  100  9:19  Drone x2  
  100  9:20  Drone x3  
  100  9:21  Roach x4  
  113  9:24  Overlord  
  113  9:26  Overlord  
  113  9:39  Overlord  
  113  9:40  Overlord  
  113  9:44  Drone x6  
  119  9:56  Extractor x2  
  116  10:16  Roach x4  
  116  10:17  Roach  
  126  10:31  Ravager x3  
  126  10:32  Ravager  
  126  10:33  Roach x3  
  136  10:38  Spine Crawler  
  136  10:39  Spine Crawler x2  
  136  10:40  Drone x3  
  136  10:41  Drone  
  137  10:44  Overlord x2  
  137  11:11  Zerg Missile Weapons Level 2  
  136  11:15  Infestation Pit  
  135  11:29  Hatchery  
  134  11:41  Hydralisk Den  
  133  11:49  Drone x4  
  133  11:51  Overlord x2  
  137  11:55  Hive  
  137  12:05  Overlord  
  137  12:06  Overlord  
  137  12:11  Hydralisk  
  137  12:12  Hydralisk x11, Muscular Augments  
  159  12:36  Overseer  
  114  12:51  Roach x3  
  114  12:52  Roach  
  122  13:03  Lurker Den  
  122  13:04  Roach, Hydralisk x4  
  122  13:05  Roach x6, Hydralisk  
  145  13:06  Queen  
  145  13:09  Queen  
Show
View Real Time Build Order
Export as new Build Order

Bud Zerg 

Build Orders: Pool First, Zergling Baneling 

Get SALT Encoding   

  12  0:01  Drone  
  13  0:12  Overlord  
  13  0:17  Drone  
  14  0:30  Drone x2  
  14  0:34  Drone  
  17  0:38  Extractor  
  16  0:45  Drone  
  17  0:52  Spawning Pool  
  17  0:56  Drone  
  17  1:22  Hatchery  
  17  1:24  Drone  
  17  1:39  Queen  
  19  1:40  Zergling x2  
  19  1:44  Zergling x2  
  21  1:56  Metabolic Boost  
  21  2:01  Baneling Nest  
  20  2:03  Drone  
  21  2:10  Overlord  
  21  2:22  Zergling x2  
  22  2:33  Zergling x2  
  22  2:34  Zergling x2  
  24  2:42  Zergling x4  
  26  2:53  Zergling x2  
  26  2:54  Zergling x8  
  31  3:03  Zergling x4  
  33  3:11  Baneling  
  33  3:12  Baneling x3  
  33  3:26  Baneling  
  33  3:27  Baneling x4  
  33  3:28  Zergling x6  
  35  3:44  Zergling x8  
  35  3:45  Zergling x2  
  35  3:47  Zergling x2  
  29  3:57  Drone  
  29  3:58  Drone  
  29  4:19  Baneling x4  
  29  4:21  Zergling x8  
  33  4:24  Overlord  
  31  4:52  Drone  
  31  4:53  Drone x5  
  36  5:26  Queen  
  38  5:33  Lair  
  38  5:37  Drone x5, Extractor  
  42  5:43  Drone  
  42  5:45  Overlord x2  
  42  6:06  Baneling  
  42  6:07  Baneling  
  42  6:08  Baneling  
  42  6:17  Drone x3  
  42  6:18  Drone x6  
  51  6:27  Evolution Chamber  
  51  6:28  Spine Crawler  
  49  6:38  Drone  
  49  6:39  Drone, Hydralisk Den  
  49  6:50  Extractor  
  49  6:51  Extractor  
  49  6:54  Zerg Missile Weapons Level 1  
  47  7:00  Spore Crawler  
  46  7:02  Spore Crawler  
  46  7:07  Overlord, Evolution Chamber  
  46  7:08  Overlord  
  44  7:12  Muscular Augments  
  44  7:17  Queen  
  44  7:18  Hydralisk x3  
  44  7:20  Zergling x12  
  58  7:26  Drone x4  
  62  7:34  Overseer  
  62  7:39  Zerg Ground Armor Level 1  
  55  8:08  Hydralisk x6  
  56  8:38  Hydralisk x6  
  56  8:40  Zergling x6  
  71  9:00  Zerg Missile Weapons Level 2  
  71  9:05  Hatchery  
  70  9:21  Infestation Pit  
  69  9:26  Lurker Den  
  68  9:35  Overlord x3  
  68  9:40  Spore Crawler  
  67  10:03  Hydralisk x7  
  67  10:04  Hydralisk x2  
  83  10:30  Infestor  
  83  10:31  Infestor  
  87  10:41  Overseer  
  87  11:05  Overlord x3  
  87  11:06  Overlord  
  87  11:24  Drone  
  88  11:27  Lurker x2  
  88  11:31  Zergling x12  
  88  11:32  Zergling x8  
  100  11:47  Hatchery  
  66  12:37  Hydralisk  
  66  12:38  Drone, Hydralisk x7  
  66  12:39  Hydralisk x4  
  69  12:46  Overseer  
  64  12:52  Hydralisk x2  
  68  13:23  Hydralisk x6  
  68  13:24  Hydralisk  
  82  13:29  Drone x2  
Tags
 
Matchup
ZvZ
Race
Zerg
Replay Pack
2017S4
Spawn Locations
Cross Positions
Add a new tag
Caveats
  • Supply blocks, unpowered buildings, or Contaminate may cause inaccurate times.
  • Supply counts are checked every 10 seconds.